 Dungeon Crawl Stone Soup version 0.30-a0-218-gedb9141078 (webtiles) character file.

Game seed: 3644891965887004063

15059 Aibolit the Severer (level 12, -3/112 HPs)
             Began as a Hill Orc Fighter on Oct 5, 2022.
             Was a Believer of the Shining One.
             Killed from afar by a fire giant (8 damage)
             ... with a bolt of fire
             ... on level 12 of the Dungeon.
             The game lasted 00:28:26 (9740 turns).

Aibolit the Severer (Hill Orc Fighter)              Turns: 9740, Time: 00:28:26

Health: -3/112     AC: 15    Str: 30    XL:     12   Next: 23%
Magic:  12/12      EV: 11    Int:  8    God:    the Shining One [**....]
Gold:   507        SH:  5    Dex: 10    Spells: 11/11 levels left

rFire   . . .      SeeInvis .    a - +5 war axe
rCold   + . .      Faith    .    c - +0 buckler
rNeg    + . .      Spirit   .    L - +1 scale mail {rPois}
rPois   +          Reflect  .    (no helmet)
rElec   .          Harm     .    f - +1 cloak
rCorr   .          Rampage  .    C - +0 pair of gloves
Will    .....                    t - +0 pair of boots
Stlth   ..........               G - amulet of regeneration
HPRegen 1.18/turn                s - +6 ring of strength
MPRegen 0.13/turn                r - ring of protection from cold

@: about to teleport, glowing
A: no striking features
a: Renounce Religion, Divine Shield


You were on level 12 of the Dungeon.
You worshipped the Shining One.
The Shining One was pleased with you.
You visited 1 branch of the dungeon, and saw 11 of its levels.

You collected 750 gold pieces.
You spent 243 gold pieces at shops.

Inventory:

Hand Weapons
 a - a +5 war axe (weapon)
Missiles
 E - a throwing net (quivered)
Armour
 c - a +0 buckler (worn)
 f - a +1 cloak (worn)
 t - a +0 pair of boots (worn)
 C - a +0 pair of gloves (worn)
 L - a +1 scale mail of poison resistance (worn)
Jewellery
 e - a ring of positive energy
 l - a ring of poison resistance
 r - a ring of protection from cold (right hand)
 s - a +6 ring of strength (left hand)
 G - an amulet of regeneration (around neck)
 K - an amulet of guardian spirit
Wands
 J - a wand of mindburst (21)
 M - a wand of flame (18)
 R - a wand of polymorph (3)
Scrolls
 g - a scroll of summoning {unknown}
 h - a scroll of fear {unknown}
 i - 2 scrolls of enchant weapon
 m - 4 scrolls of vulnerability
 n - 2 scrolls of immolation
 p - a scroll of enchant armour {unknown}
 q - 3 scrolls of poison
 y - 2 scrolls of magic mapping
 z - a scroll of torment {unknown}
 A - a scroll of blinking {unknown}
 I - 2 scrolls of noise
 N - a scroll of fog {unknown}
 P - 4 scrolls of identify
 T - a scroll of acquirement {unknown}
Potions
 b - 2 potions of haste
 j - 2 potions of ambrosia {unknown}
 o - 2 potions of brilliance
 v - a potion of magic {unknown}
 w - 2 potions of lignification {unknown}
 x - 2 potions of degeneration {unknown}
 B - a potion of resistance {unknown}
 F - 2 potions of attraction {unknown}
 H - a potion of cancellation {unknown}
 O - 2 potions of invisibility
 Q - 2 potions of flight {unknown}
Miscellaneous
 d - a phial of floods


   Skills:
 + Level 11.8 Fighting
 + Level 16.9 Axes
 + Level 9.9 Armour
 + Level 3.4 Dodging
 + Level 2.4 Stealth
 + Level 6.0 Shields
 + Level 1.0 Evocations


You had 11 spell levels left.
You didn't know any spells.
Your spell library contained the following spells:

 Spells                   Type           Power      Damage    Failure   Level
 Frozen Ramparts          Ice            0%         1d1       97%         3
 Hailstorm                Conj/Ice       0%         3d3       97%         3
 Stone Arrow              Conj/Erth      0%         3d7       97%         3
 Tukima's Dance           Hex            0%         N/A       97%         3
 Animate Armour           Summ/Erth      0%         N/A       100%        4
 Ice Form                 Ice/Tmut       0%         N/A       100%        4
 Passage of Golubria      Tloc           0%         N/A       100%        4
 Summon Ice Beast         Ice/Summ       0%         N/A       100%        4
 Freezing Cloud           Conj/Ice/Air   0%         6-21      100%        5
 Yara's Violent Unravell  Hex/Tmut       0%         3d3       100%        5
 Simulacrum               Ice/Necr       0%         N/A       100%        6
 Lehudib's Crystal Spear  Conj/Erth      0%         10d2      100%        8
 Polar Vortex             Ice            0%         N/A       100%        9


Dungeon Overview and Level Annotations

Branches:
Dungeon (12/15)            Temple (0/1) D:5             Orc (0/2) D:12
   Lair: D:8-11

Altars:
Elyvilon
Hepliaklqana
Kikubaaqudgha
Makhleb
Nemelex Xobeh
Sif Muna
Trog
Uskayaw
Vehumet
Xom
Yredelemnul
The Shining One

Shops:
D:3 (   D:5 =   D:6 *   D:7 *


Message History

The gargoyle is heavily damaged.
You completely miss the gargoyle.
The gargoyle is heavily damaged.
The gargoyle closely misses you.
You hit the gargoyle but do no damage.
The gargoyle is heavily damaged.
The gargoyle hurls a stone arrow at you.
The stone arrow hits you!
You slash the gargoyle!
The gargoyle is severely damaged.
The gargoyle barely misses you.
You hit the gargoyle but do no damage.
The gargoyle is severely damaged.
You hit the gargoyle but do no damage.
The gargoyle is severely damaged.
The gargoyle hits you with a +0 flail.
You hit the gargoyle but do no damage.
The gargoyle is severely damaged.
The gargoyle hurls a stone arrow at you.
The stone arrow hits you!
You hit the gargoyle.
The gargoyle is almost destroyed.
The gargoyle barely misses you.
You slash the gargoyle!
You destroy the gargoyle!
You see here a +0 flail.
A fire giant comes into view.
It is wielding a +1 great sword of flaming.
The fire giant shouts!
Things that are here:
a +0 flail; a +0 scale mail; an orc corpse The fire giant gestures at you while chanting.
The fireball explodes!
The fireball engulfs you!!!
The fire giant points at you and mumbles some strange words.
The fireball explodes!
The fireball engulfs you!!!
* * * LOW HITPOINT WARNING * * *
As you read the scroll of teleportation, it crumbles to dust.
You feel strangely unstable.
The fire giant points at you and mumbles some strange words.
The bolt of fire hits you!
You die...

#.)#...###....##.#..# #..).#####
#.#))....#.#..#.#...########...#
#...#..###......#.###..[##.†#####
#.#..#.#.####...###..##.####.#...
#..###....###......###.....'###..
##..#.#.##.####.#### ##..........
#.###################...........
##.#.# #.#..............†.....
#....# #.#...@####...)........
#o#### ####'###...##.............
#.# #.....##.#..#####.........
#.# #.....)..).........#######
#g######.....##)#....########
...o.o........#.#....##.....#
....#########.#.####.C......# #
....# #.....................# #
....###......##.#######.....# #


You could see a fire giant.

Vanquished Creatures
  Kirke (D:12)
  A deep elf annihilator (D:12)
  A deep elf high priest (D:12)
  A hydra (D:12)
  Erica (D:11)
  2 skeletal warriors (D:12)
  A sea snake (shapeshifter) (D:12)
  2 deep elf pyromancers (D:12)
  An ugly thing (D:12)
  A cyclops (D:12)
  A manticore (D:11)
  2 gargoyles
  2 kobold demonologists (D:12)
  A komodo dragon (shapeshifter) (D:12)
  3 trolls (D:12)
  3 slime creatures (D:12)
  A wyvern (D:11)
  A wraith (D:12)
  A vampire (D:12)
  10 yaks
  A hog (D:12)
  A steam dragon (D:7)
  2 vampire mosquitoes (D:12)
  A water moccasin (D:7)
  2 black bears
  A centaur (D:12)
  7 ogres
  A kobold brigand (D:7)
  A bullfrog (D:7)
  5 scorpions
  2 necrophages
  5 killer bees (D:8)
  4 howler monkeys
  12 hounds
  3 jellies
  Crazy Yiuf (D:4)
  5 orc priests
  A gnoll bouda (D:6)
  Natasha (thrice) (D:4)
  6 iguanas
  8 orc wizards
  10 gnolls
  5 adders
  2 ufetubi
  A worm (D:3)
  2 dart slugs
  25 orcs
  6 endoplasms
  3 giant cockroaches
  7 goblins
  7 hobgoblins
  4 quokkas
  9 ball pythons
  5 bats
  A frilled lizard (D:1)
  11 kobolds
  7 rats
214 creatures vanquished.

Vanquished Creatures (others)
  3 humans (D:12)
  3 kobolds (D:7)
  A plant (D:1)
7 creatures vanquished.

Grand Total: 221 creatures vanquished

Notes
Turn   | Place    | Note
-------+----------+-------------------------------------------
     0 | D:1      | Aibolit the Hill Orc Fighter began the quest for the Orb.
     0 | D:1      | Reached XP level 1. HP: 19/19 MP: 1/1
    54 | D:1      | Found a faded altar of an unknown god.
   149 | D:1      | Reached XP level 2. HP: 27/27 MP: 2/2
   194 | D:1      | Reached skill level 3 in Axes
   328 | D:1      | Reached XP level 3. HP: 32/33 MP: 3/3
  1636 | D:3      | Found Itinugro's Weapon Emporium.
  1680 | D:3      | Reached XP level 4. HP: 41/41 MP: 4/4
  2134 | D:3      | Reached skill level 4 in Axes
  2275 | D:4      | Noticed Natasha
  2281 | D:4      | Killed Natasha
  2282 | D:4      | Reached XP level 5. HP: 38/47 MP: 5/5
  2327 | D:4      | Noticed Natasha
  2340 | D:4      | Killed Natasha
  2387 | D:4      | Noticed Natasha
  2391 | D:4      | Killed Natasha
  2392 | D:4      | Reached skill level 5 in Axes
  2398 | D:4      | Found a radiant altar of Vehumet.
  2515 | D:4      | Reached XP level 6. HP: 52/55 MP: 6/6
  2534 | D:4      | Reached skill level 5 in Fighting
  2567 | D:4      | Found a basalt altar of Yredelemnul.
  2636 | D:4      | Found a runed translucent door.
  2637 | D:4      | Noticed Crazy Yiuf
  2643 | D:4      | Killed Crazy Yiuf
  2836 | D:4      | Found a glowing golden altar of the Shining One.
  2912 | D:4      | Found an ancient bone altar of Kikubaaqudgha.
  3172 | D:4      | Found a burning altar of Makhleb.
  3187 | D:4      | Reached skill level 6 in Axes
  3261 | D:4      | Became a worshipper of the Shining One
  3280 | D:5      | Entered Level 5 of the Dungeon
  3296 | D:5      | Reached skill level 1 in Dodging
  3304 | D:5      | Reached skill level 5 in Armour
  3304 | D:5      | Reached XP level 7. HP: 52/61 MP: 7/7
  3304 | D:5      | Found a staircase to the Ecumenical Temple.
  3435 | D:5      | Reached skill level 7 in Axes
  3519 | D:5      | Found a shimmering altar of Xom.
  4003 | D:5      | Reached skill level 8 in Axes
  4048 | D:5      | Reached XP level 8. HP: 69/69 MP: 8/8
  4177 | D:5      | Reached skill level 9 in Axes
  4264 | D:5      | Found Ufuoneshruu's Jewellery Boutique.
  4627 | D:6      | Reached skill level 10 in Axes
  4865 | D:6      | Found a shimmering blue altar of Sif Muna.
  4907 | D:6      | Found a sparkling altar of Nemelex Xobeh.
  4947 | D:6      | Reached XP level 9. HP: 75/78 MP: 9/9
  4970 | D:6      | Found Fyrawet's CLEARANCE SALE!.
  4981 | D:6      | Bought a scroll of teleportation for 18 gold pieces
  4981 | D:6      | Bought a +1 scale mail of poison resistance for 78 gold
                  | pieces
  5007 | D:6      | Found a hazy altar of Hepliaklqana.
  5094 | D:6      | Reached * piety under the Shining One
  5423 | D:7      | Found a white marble altar of Elyvilon.
  5464 | D:7      | Reached skill level 11 in Axes
  5485 | D:7      | Found a hide-covered altar of Uskayaw.
  5683 | D:7      | Reached skill level 1 in Stealth
  5837 | D:7      | Found Zuef's Assorted Antiques.
  5871 | D:7      | Bought a scroll of identify for 62 gold pieces
  5871 | D:7      | Bought a smoky ruby potion for 27 gold pieces
  5871 | D:7      | Bought a scroll labelled XOEMOT PIZE for 31 gold pieces
  5871 | D:7      | Bought a fuming inky potion for 27 gold pieces
  6432 | D:8      | Reached skill level 12 in Axes
  6478 | D:8      | You fall into a shaft and drop 2 floors!
  6478 | D:10     | Entered Level 10 of the Dungeon
  6489 | D:10     | Noticed a gargoyle
  6500 | D:10     | Killed a gargoyle
  6537 | D:10     | Reached XP level 10. HP: 90/90 MP: 10/10
  6549 | D:10     | Reached skill level 13 in Axes
  6670 | D:10     | Reached skill level 5 in Shields
  6853 | D:10     | Found a bloodstained altar of Trog.
  7261 | D:11     | Noticed Erica
  7291 | D:11     | Killed Erica
  7565 | D:11     | Noticed a manticore
  7585 | D:11     | Killed a manticore
  7586 | D:11     | Reached skill level 14 in Axes
  8014 | D:12     | Noticed a deep elf pyromancer
  8028 | D:12     | Killed a deep elf pyromancer
  8046 | D:12     | Noticed a kobold demonologist
  8047 | D:12     | Noticed a kobold demonologist
  8050 | D:12     | Noticed a soul eater
  8056 | D:12     | Killed a kobold demonologist
  8058 | D:12     | Killed a kobold demonologist
  8059 | D:12     | Reached skill level 10 in Fighting
  8059 | D:12     | Reached XP level 11. HP: 83/99 MP: 11/11
  8137 | D:12     | Noticed Kirke
  8151 | D:12     | Killed Kirke
  8152 | D:12     | Reached skill level 15 in Axes
  8241 | D:12     | Noticed a skeletal warrior
  8257 | D:12     | Killed a skeletal warrior
  8259 | D:12     | Noticed a deep elf annihilator
  8269 | D:12     | Killed a deep elf annihilator
  8279 | D:12     | HP: 4/101 [troll (9)]
  8557 | D:12     | Reached ** piety under the Shining One
  8785 | D:12     | Noticed a deep elf pyromancer
  8798 | D:12     | Noticed a skeletal warrior
  8804 | D:12     | Killed a deep elf pyromancer
  8816 | D:12     | Killed a skeletal warrior
  8817 | D:12     | Reached skill level 16 in Axes
  8893 | D:12     | Noticed a glowing orange brain
  8894 | D:12     | Noticed a cyan ugly thing
  8909 | D:12     | a snapping turtle changed into a moth of wrath
  8909 | D:12     | Noticed a moth of wrath (glowing shapeshifter)
  8911 | D:12     | a moth of wrath changed into a sea snake
  8911 | D:12     | Noticed a sea snake (glowing shapeshifter)
  8916 | D:12     | Killed a sea snake
  8973 | D:12     | Noticed a five-headed hydra
  8989 | D:12     | Killed a 14-headed hydra
  9200 | D:12     | Noticed a cyclops
  9212 | D:12     | Reached XP level 12. HP: 102/110 MP: 12/12
  9476 | D:12     | Found a staircase to the Orcish Mines.
  9574 | D:12     | Noticed a deep elf high priest
  9582 | D:12     | Killed a deep elf high priest
  9583 | D:12     | Reached skill level 1 in Evocations
  9667 | D:12     | Identified the +4 kite shield "Evibyl Kemym" {Rampage}
  9735 | D:12     | Noticed a fire giant
  9739 | D:12     | HP: 4/112 [fire giant/fireball (37)]
  9740 | D:12     | Killed from afar by a fire giant

Illustrated notes

Levels and vault maps discovered:
D:1:      nzn_arrival_depleted_hourglass, layout_basic,
          shapermc_ecumenical_altar_mp_ritualfount
D:2:      layout_loops_ring, guppyfry_early_lair_pool
D:3:      layout_loops_cross, serial_shops, nicolae_shop_stone,
          nicolae_elevator_lobby_plus
D:4:      layout_loops_cross, mainiacjoe_overflow_cross_hatched,
          kennysheep_mini_moat, jmf_multi_god_temple, lemuel_doored_altar,
          uniq_crazy_yiuf_cottage, uniq_natasha
D:5:      kennysheep_six_static_rooms, layout_loops_ring,
          mainiacjoe_overflow_tiny_flanked, minmay_temple_entry_tees,
          serial_shops, kennysheep_mini, grunt_tough_drop
D:6:      layout_loops_ring, nicolae_overflow_crystal_walls,
          overflow_temple_1_default, mainiacjoe_overflow_alcove_2,
          nicolae_shop_clearance
D:7:      layout_cave_pods, elyvilon_altar_5, overflow_temple_1_default,
          serial_shops, nicolae_shop_trees
D:8:      cheibrodos_statue_roulette, layout_gridville,
          fedhas_bush_and_centaur_altar, general_overflow_altar,
          kennysheep_boxes, uniq_gastronok
D:10:     layout_basic, mainiacjoe_overflow_catwalk
D:11:     layout_stronghold, uniq_erica
D:12:     minmay_chopped_fan, layout_basic, erik_orc_3, uniq_kirke

Skill      XL: |  1  2  3  4  5  6  7  8  9 10 11 12 |
---------------+-------------------------------------+-----
Axes           | 3 4 5 6 8 10 12 14 16 | 16.9
Fighting       | 4 5 6 8 10 11 | 11.8
Armour         | 4 5 6 7 8 9 |  9.9
Dodging        | 1 2 3 |  3.4
Shields        | 4 5 6 |  6.0
Stealth        | 1 2 |  2.4
Evocations     | 1 |  1.0

Action                   |  1- 3 |  4- 6 |  7- 9 | 10-12 || total
-------------------------+-------+-------+-------+-------++-------
Melee: War axe           |    92 |   112 |   225 |   226 ||   655
Evoke: Wand              |       |       |       |     4 ||     4
  Use: Scroll            |     3 |     4 |     6 |     8 ||    21
       Potion            |       |       |     1 |    11 ||    12
Armor: Scale mail        |    53 |    49 |    48 |    89 ||   239
       Chain mail        |       |    16 |    56 |       ||    72
Dodge: Dodged            |    40 |    39 |    85 |   104 ||   268
Block: Buckler           |    18 |    13 |    40 |    41 ||   112

Table legend: (Time is in decaauts)
 A = Elapsed time spent in this place.
 B = Non-inter-level travel time spent in this place.
 C = Inter-level travel time spent in this place.
 D = Time resting spent in this place.
 E = Time spent auto-exploring this place.
 F = Levels seen in this place.
 G = Mean time per level.
                   A        B        C        D        E       F      G
               +--------+--------+--------+--------+--------+-----+--------+
         Total |   9813 |   8170 |   1643 |   1057 |   5395 |  11 |  892.1 |
       Dungeon |   9813 |   8170 |   1643 |   1057 |   5395 |  11 |  892.1 |
               +--------+--------+--------+--------+--------+-----+--------+

Top non-repeatable levels by time:
    D:12: 1707 daAuts
     D:5: 1431 daAuts
     D:4: 1131 daAuts
     D:7: 961 daAuts
    D:11: 953 daAuts
     D:2: 801 daAuts
     D:1: 761 daAuts
     D:6: 722 daAuts
     D:3: 662 daAuts
    D:10: 581 daAuts
     D:8: 97 daAuts
